 Dungeon Crawl Stone Soup version 0.31.0-32-g396128a36d (webtiles) character file.

Game seed: 3224612260832295125

9216 Jeremycd7 the Cleaver (level 11, -17/105 HPs)
             Began as a Minotaur Berserker on Apr 4, 2024.
             Was a Priest of Trog.
             Killed from afar by a hellephant (32 damage)
             ... with a blast of flame
             ... on level 1 of the Abyss on Apr 5, 2024.
             The game lasted 01:30:35 (16799 turns).

Jeremycd7 the Cleaver (Minotaur Berserker)         Turns: 16799, Time: 01:30:36

Health: -17/105    AC: 10    Str: 27    XL:     11   Next: 20%
Magic:  10/10      EV: 12    Int:  4    God:    Trog [***...]
Gold:   158        SH:  0    Dex:  9    Spells: 10/10 levels left

rFire   + + .        a - +6 flail "Feset" {flame, Will+ SInv}
rCold   . . .        (no shield)
rNeg    . . .        z - +2 leather armour "Uggibbea" {rElec rPois rF++}
rPois   +            (helmet restricted)
rElec   +            o - +0 cloak
rCorr   .            (no gloves)
SInv    +            n - +1 pair of boots {Fly}
Will    +++..        (no amulet)
Stlth   +            (no ring)
HPRegen 1.37/turn    (no ring)
MPRegen 0.12/turn

%: no passive effects
@: strong-willed (expiring), on berserk cooldown, flying, regenerating
(expiring), slowed, very slow
A: horns 2, retaliatory headbutt
a: Renounce Religion, Berserk, Trog's Hand


You were on level 1 of the Abyss.
You worshipped Trog.
Trog was most pleased with you.
You visited 1 branch of the dungeon, and saw 11 of its levels.
You visited the Abyss 1 time.

You collected 689 gold pieces.
You spent 531 gold pieces at shops.

Inventory:

Hand Weapons
 a - the +6 flail "Feset" (weapon) {flame, Will+ SInv}
   (You bought it in a shop on level 8 of the Dungeon)

   Will+:     It increases your willpower.
   SInv:      It lets you see invisible.
Missiles
 g - 20 poisoned darts (quivered)
 s - a throwing net
 v - 5 curare-tipped darts
 J - 2 javelins
Armour
 n - a +1 pair of boots of flying (worn)
 o - a +0 cloak (worn)
 z - the +2 leather armour "Uggibbea" (worn) {rElec rPois rF++}
   (You found it on level 4 of the Dungeon)

   rF++:      It greatly protects you from fire.
   rElec:     It insulates you from electricity.
   rPois:     It protects you from poison
Wands
 h - a wand of flame (36)
 H - a wand of digging (4)
Scrolls
 f - a scroll of amnesia
 j - 2 scrolls of silence
 k - 2 scrolls of poison
 m - a scroll of enchant weapon {unknown}
 q - a scroll of fog
 r - 7 scrolls of noise
 t - 2 scrolls of torment
 y - 4 scrolls of teleportation {unknown}
 B - a scroll of revelation
 C - a scroll of vulnerability
 G - a scroll of enchant armour {unknown}
Potions
 b - a potion of degeneration
 c - 2 potions of curing
 e - 3 potions of heal wounds
 i - 2 potions of might
 l - a potion of cancellation
 p - 2 potions of invisibility
 u - a potion of haste
 w - 2 potions of magic {unknown}
 x - 2 potions of brilliance {unknown}
 A - 2 potions of enlightenment {unknown}
 D - a potion of lignification {unknown}


   Skills:
 * Level 12.5 Fighting
 + Level 12.5(13.4) Axes
 + Level 7.9(11.2) Maces & Flails
 + Level 8.8 Armour
 - Level 4.2 Dodging
 - Level 0.4 Stealth


You had 10 spell levels left.
You didn't know any spells.
Your spell library contained the following spells:

 Spells                   Type           Power      Damage    Failure   Level
 Summon Small Mammal      Summ           0%         N/A       54%         1
 Ensorcelled Hibernation  Hex/Ice        0%         N/A       67%         2
 Call Canine Familiar     Summ           0%         N/A       88%         3
 Passwall                 Erth           0%         N/A       88%         3
 Swiftness                Air            0%         N/A       88%         3
 Summon Blazeheart Golem  Fire/Summ      0%         N/A       99%         4


Dungeon Overview and Level Annotations

Branches:
Dungeon (11/15)            Temple (0/1) D:4            Lair (0/5) D:8
    Orc: D:9-12

Altars:
Gozag
Hepliaklqana
Okawaru
Ru
Sif Muna
Trog
Zin
The Shining One

Shops:
D:4 *   D:6 :   D:8 (=:   D:9 !


Innate Abilities, Weirdness & Mutations

You have a pair of horns on your head.
You reflexively headbutt those who attack you in melee.


Message History

The blast of flame hits you! You resist.
You barely miss the hellephant.
The hellephant is moderately wounded.
The hellephant tramples you.
You are shoved backwards!
You sock the hellephant! You burn the hellephant.
You headbutt the hellephant, but do no damage.
The hellephant is moderately wounded.
The hellephant tramples you but does no damage.
The hellephant barely misses you. The hellephant closely misses you.
You closely miss the hellephant.
The hellephant is moderately wounded.
The hellephant barely misses you. The hellephant bites you.
The hellephant gores you but does no damage.
You sock the hellephant! You burn the hellephant.
The hellephant is heavily wounded.
The hellephant blinks!
You feel better. The hellephant barely misses you.
The hellephant bites you but does no damage.
The hellephant gores you.
You thump the hellephant! You burn the hellephant. You headbutt the hellephant.
The hellephant is heavily wounded.
The hellephant tramples you!
You hold your ground!
The hellephant closely misses you. x2
You hit the hellephant. You burn the hellephant.
You headbutt the hellephant, but do no damage.
The hellephant is severely wounded.
You feel the effects of Trog's Hand fading.
The hellephant tramples you but does no damage.
The hellephant bites you but does no damage.
The hellephant gores you but does no damage.
You hit the hellephant. You burn the hellephant.
The hellephant is severely wounded.
The hellephant tramples you!!!
* * * LOW HITPOINT WARNING * * *
You hold your ground!
The hellephant bites you but does no damage.
The hellephant gores you but does no damage.
The hellephant breathes flames at you. The blast of flame hits you!!
You resist.
You die...

. #. v# .. .###
# ####..#
#.....# #
##.##.#
.##.####Y#.#.
#......@### # #
####.##.......#
#..#...#.
..#.#..# .#
##.#.##.# # . .
.. .# .# ## ..
#.


You could see a hellephant (catching breath).

Vanquished Creatures
  Nergalle (D:10)
  A storm dragon skeleton (Abyss:1)
  The ghost of Braxus the Fighter, a novice DjCj of Ashenzari (D:7)
  Pikel (D:4)
  A will-o-the-wisp (Abyss:1)
  A worldbinder (Abyss:1)
  An unseen horror (D:10)
  Maggie (D:7)
  A kobold demonologist (D:10)
  A troll (D:9)
  A raiju (Abyss:1)
  2 wraiths
  A steam dragon (D:9)
  2 acid dragons
  A water moccasin (D:7)
  A spectral hornet (D:7)
  2 ice beasts
  2 black bears
  An ogre (D:5)
  2 small abominations (Abyss:1)
  4 centaurs
  3 lemures (D:4)
  A phantom (D:6)
  2 kobold brigands
  A weeping skull (Abyss:1)
  4 bullfrogs
  A scorpion (D:7)
  11 wights (D:7)
  21 killer bees
  2 bombardier beetles (D:5)
  4 howler monkeys
  4 hounds (D:5)
  A jelly (D:6)
  A centaur skeleton (D:7)
  4 orc priests
  A gnoll bouda (D:6)
  Ijyb (D:3)
  5 orc wizards
  3 iguanas
  2 spectral howler monkeys (D:7)
  10 gnolls
  5 adders
  2 shadow imps (D:5)
  A white imp (D:7)
  2 ufetubi (D:5)
  2 ribbon worms
  A dart slug (D:3)
  28 orcs
  7 ball pythons
  8 bats
  5 endoplasms
  3 giant cockroaches
  12 goblins
  14 hobgoblins
  7 jackals
  3 quokkas
  2 frilled lizards
  19 kobolds
  10 rats
242 creatures vanquished.

Vanquished Creatures (collateral kills)
  A kobold demonologist (D:10)
  2 kobolds (D:10)
3 creatures vanquished.

Vanquished Creatures (others)
  2 foxfires (Abyss:1)
2 creatures vanquished.

Grand Total: 247 creatures vanquished

Notes
Turn   | Place    | Note
-------+----------+-------------------------------------------
     0 | D:1      | Jeremycd7 the Minotaur Berserker began the quest for the
                  | Orb.
     0 | D:1      | Reached XP level 1. HP: 19/19 MP: 0/0
   418 | D:1      | Reached XP level 2. HP: 27/27 MP: 1/1
   911 | D:1      | Reached XP level 3. HP: 33/33 MP: 2/2
  1600 | D:2      | Found a faded altar of an unknown god.
  3333 | D:3      | Noticed Ijyb
  3344 | D:3      | Killed Ijyb
  3345 | D:3      | Reached XP level 4. HP: 40/40 MP: 3/3
  3380 | D:3      | Reached skill level 5 in Axes
  3613 | D:3      | Reached ** piety under Trog
  3614 | D:3      | Reached XP level 5. HP: 47/47 MP: 4/4
  4410 | D:4      | Found a staircase to the Ecumenical Temple.
  4427 | D:4      | Found a glowing silver altar of Zin.
  4514 | D:4      | Noticed a centaur
  4528 | D:4      | Killed a centaur
  4529 | D:4      | Reached XP level 6. HP: 43/53 MP: 5/5
  4570 | D:4      | Noticed Pikel
  4584 | D:4      | Killed Pikel
  4585 | D:4      | Reached skill level 5 in Fighting
  4585 | D:4      | Reached XP level 7. HP: 19/61 MP: 6/6
  5429 | D:4      | Found Febigodoro's General Store.
  5581 | D:4      | You fall into a shaft and drop 3 floors!
  5748 | D:6      | Reached *** piety under Trog
  5900 | D:6      | Found Ramick's Book Shop.
  6036 | D:6      | Reached XP level 8. HP: 45/69 MP: 7/7
  6194 | D:5      | Entered Level 5 of the Dungeon
  6235 | D:5      | Found a transporter.
  6253 | D:5      | Found a transporter.
  6391 | D:4      | Identified the +2 leather armour "Uggibbea" {rElec rPois
                  | rF++}
  6882 | D:5      | Found a sacrificial altar of Ru.
  6952 | D:5      | Identified the +1 leather armour of Jeub {rN+ Dex+2 Slay+2}
  7277 | D:5      | Found a hazy altar of Hepliaklqana.
  7279 | D:5      | Identified the +4 leather armour of Gihiogif {rC+}
  7309 | D:5      | Found a shimmering blue altar of Sif Muna.
  8900 | D:6      | Found an iron altar of Okawaru.
  9162 | D:7      | Noticed Maggie
  9176 | D:7      | Killed Maggie
  9251 | D:7      | Reached skill level 10 in Axes
  9251 | D:7      | Reached XP level 9. HP: 59/79 MP: 8/8
  9365 | D:7      | Found a runed translucent gate.
  9366 | D:7      | Found a runed translucent gate.
  9366 | D:7      | Found a runed translucent gate.
  9370 | D:7      | Noticed Braxus's ghost (novice DjCj)
  9383 | D:7      | Killed Braxus's ghost
 12188 | D:8      | Found Foupee's Weapon Emporium.
 12265 | D:8      | Reached **** piety under Trog
 12426 | D:8      | Found Xibaokei's Book Shop.
 12503 | D:8      | Bought the +6 flail "Feset" {flame, Will+ SInv} for 531
                  | gold pieces
 12537 | D:8      | Found an opulent altar of Gozag.
 12564 | D:8      | Found Naneruw's Jewellery Shoppe.
 12574 | D:8      | Reached XP level 10. HP: 82/93 MP: 9/9
 12634 | D:8      | Reached skill level 10 in Fighting
 13114 | D:8      | Reached skill level 1 in Maces & Flails
 13387 | D:8      | Found a staircase to the Lair.
 13819 | D:9      | Found a glowing golden altar of the Shining One.
 14911 | D:9      | Found Utrod's Distillery.
 15111 | D:10     | Entered Level 10 of the Dungeon
 15191 | D:10     | Found a bloodstained altar of Trog.
 15242 | D:10     | Noticed a sixfirhy
 15248 | D:10     | Reached skill level 5 in Maces & Flails
 15985 | D:10     | Noticed Nergalle
 15992 | D:10     | Killed Nergalle
 16289 | D:11     | Noticed a cyclops
 16290 | Abyss:1  | Cast into level 1 of the Abyss (orc warrior)
 16328 | Abyss:1  | Reached XP level 11. HP: 104/104 MP: 10/10
 16782 | Abyss:1  | Noticed a hellephant
 16799 | Abyss:1  | Killed from afar by a hellephant

Illustrated notes

Levels and vault maps discovered:
D:1:      orjb1_lava_funnel, layout_basic, minmay_pentomino_w2
D:2:      layout_loops_ring, chequers_ecumenical_altar_simple_redux,
          hangedman_decor_clover_reticule, chequers_serial_rivers_micro_b,
          amethyst_killhole
D:3:      layout_loops_ring, uniq_ijyb
D:4:      corexii_shantytown, layout_gridville, mainiacjoe_overflow_alcove_4,
          minmay_temple_entry_mist, serial_shops, kennysheep_mini_moat,
          uniq_pikel
D:5:      gammafunk_wand_slinger, layout_basic, lemuel_crystal_altar,
          nicolae_ru_great_annihilating_truth, nicolae_sif_muna_little_library,
          lightli_ossuary_entry_decrepit_ruins
D:6:      layout_loops_corners, okawaru_metal_pillars_1_2,
          cheibrodos_sewer_entry_drain, serial_shops, shop
D:7:      layout_basic, gammafunk_ghost_necromancy, uniq_maggie
D:8:      layout_basic, lemuel_round_altar, lair_entry_dummy, serial_shops,
          nicolae_shop_gaudy_bauble, shop, nicolae_shop_bloodbath_and_beyond,
          grunt_decor_arrowhead, eino_jars
D:9:      layout_big_octagon, mainiacjoe_overflow_boulevard, serial_shops, shop
D:10:     layout_gridville, trog_book, minmay_misc_feat_x, uniq_nergalle
D:11:     layout_basic, orc_0_dummy, grunt_ministairs_4, tso_altar
Abyss:1:  base: D:10, hangedman_abyss_or_decor_passed

Skill      XL: |  1  2  3  4  5  6  7  8  9 10 |
---------------+-------------------------------+-----
Fighting       | 4 5 7 9 12 | 12.5
Axes           | 4 5 6 7 8 10 12 | 12.5
Armour         | 3 4 6 7 8 |  8.8
Dodging        | 3 4 |  4.2
Maces & Flails | 7 |  7.9
Stealth        | |  0.4

Action                     |  1- 3 |  4- 6 |  7- 9 | 10-12 || total
---------------------------+-------+-------+-------+-------++-------
  Melee: Hand axe          |    76 |    83 |   305 |       ||   464
         Headbutt          |     5 |    16 |    54 |    30 ||   105
         Punch             |     1 |       |     3 |     3 ||     7
         Flail             |       |       |     3 |   164 ||   167
         Morningstar       |       |       |     3 |       ||     3
  Throw: Dart              |       |       |     1 |       ||     1
 Invoke: Berserk           |     1 |     2 |     3 |     4 ||    10
         Trog's Hand       |       |     1 |     1 |     2 ||     4
         Brothers in Arms  |       |       |       |     2 ||     2
    Use: Scroll            |     5 |     4 |     6 |     3 ||    18
         Potion            |       |       |       |     4 ||     4
   Stab: Distracted        |       |       |     1 |       ||     1
         Paralysed         |       |       |     1 |       ||     1
 Armour: Ring mail         |    32 |    49 |    86 |       ||   167
         Animal skin       |     2 |       |       |       ||     2
         Scale mail        |    30 |    13 |       |       ||    43
         Leather armour    |       |       |   131 |   205 ||   336
  Dodge: Dodged            |    43 |    41 |   191 |   156 ||   431
